 Dungeon Crawl Stone Soup version 0.27-a0-1060-gcb85b5eba1 (webtiles) character file.

Game seed: 6825940424878320191

4342 kae the Ruffian (level 10, -2/114 HPs)
             Began as a Naga Transmuter on Apr 21, 2021.
             Was a Follower of Cheibriados.
             Slain by Erica
             ... wielding a +1 scimitar of flaming
              (13 damage)
             ... on level 7 of the Dungeon.
             The game lasted 00:07:24 (12172 turns).

kae the Ruffian (Naga Transmuter)                  Turns: 12172, Time: 00:07:25

Health: -2/114     AC:  7    Str: 20    XL:     10   Next: 33%
Magic:  16/17      EV:  9    Int: 16    God:    Cheibriados [*.....]
Gold:   120        SH:  0    Dex: 14    Spells: 6/19 levels left

rFire    + . .     SeeInvis +     - Unarmed
rCold    + . .     Faith    .   (shield currently unavailable)
rNeg     . . .     Spirit   .   (armour currently unavailable)
rPois    +         Reflect  .   (helmet currently unavailable)
rElec    .         Harm     .   (cloak currently unavailable)
rCorr    .         Rampage  .   (gloves currently unavailable)
Will     +....                  (no barding)
Stlth    +.........             (no amulet)
HPRegen  0.29/turn              b - ring of protection from cold
MPRegen  0.15/turn              o - ring of protection from fire

@: hydra-form, very slow
A: fast swimmer, devour, amphibious, boosted hp, AC +3, very large, see
invisible, (deformed body), (poison resistance), (slowness 2), spit poison 1,
(naga tail 1)
a: Spit Poison, End Transformation, Renounce Religion, Bend Time


You were on level 7 of the Dungeon.
You worshipped Cheibriados.
Cheibriados was aware of your devotion.
You were a three-headed hydra.
You visited 2 branches of the dungeon, and saw 9 of its levels.
You also visited: Sewer.

You collected 390 gold pieces.
You spent 270 gold pieces at shops.

Inventory:

Missiles
 r - 2 atropa-tipped darts
 s - a throwing net
Armour
 a - a +0 robe (melded)
 n - a +2 pair of gloves (melded)
Jewellery
 b - a ring of protection from cold (left foreclaw)
 o - a ring of protection from fire (right foreclaw)
 p - a ring of fire
 v - an amulet of the acrobat
 z - an amulet of guardian spirit
Wands
 h - a wand of iceblast (12)
 u - a wand of flame (24)
Scrolls
 d - a scroll of teleportation
 e - 2 scrolls of amnesia
 f - 2 scrolls of fog
 i - a scroll of immolation
 w - 2 scrolls of identify
 x - a scroll of enchant weapon {unknown}
 y - a scroll of vulnerability {unknown}
 A - a scroll of blinking {unknown}
Potions
 c - 3 potions of curing
 g - 4 potions of heal wounds
 j - 3 potions of attraction
 k - 2 potions of brilliance
 l - 2 potions of might
 m - a potion of magic
 q - 3 potions of degeneration
 t - 3 potions of flight {unknown}


   Skills:
 + Level 5.0 Fighting
 + Level 4.3 Dodging
 * Level 7.8 Unarmed Combat
 + Level 5.0 Spellcasting
 * Level 7.5 Transmutations
 - Level 5.0 Ice Magic
 - Level 2.0 Poison Magic
 + Level 2.5 Invocations


You had 6 spell levels left.
You knew the following spells:

 Your Spells              Type           Power      Damage    Failure   Level
a - Beastly Appendage     Tmut           56%        N/A       1%          1
b - Spider Form           Tmut/Pois      9%         N/A       6%          3
c - Ice Form              Ice/Tmut       24%        N/A       12%         4
d - Hydra Form            Tmut           14%        N/A       19%         5

Your spell library contained the following spells:

 Spells                   Type           Power      Damage    Failure   Level
 Wereblood                Tmut           28%        N/A       1%          2
 Passwall                 Tmut/Erth      13%        N/A       4%          2
 Ensorcelled Hibernation  Hex/Ice        24%        N/A       9%          2
 Animate Skeleton         Necr           8%         N/A       16%         1
 Apportation              Tloc           8%         N/A       16%         1
 Corona                   Hex            4%         N/A       16%         1
 Magic Dart               Conj           16%        1d3       16%         1
 Pain                     Necr           16%        1d4       16%         1
 Sandblast                Erth           8%         2d5       16%         1
 Summon Small Mammal      Summ           16%        N/A       16%         1
 Blink                    Tloc           N/A        N/A       22%         2
 Call Imp                 Summ           4%         N/A       22%         2
 Slow                     Hex            4%         N/A       22%         2
 Sublimation of Blood     Necr           2%         N/A       22%         2
 Petrify                  Tmut/Erth      16%        N/A       32%         4
 Mephitic Cloud           Conj/Pois/Air  6%         N/A       34%         3
 Call Canine Familiar     Summ           4%         N/A       41%         3
 Conjure Flame            Conj/Fire      4%         6-21      41%         3
 Stone Arrow              Conj/Erth      8%         3d7       41%         3
 Summon Guardian Golem    Hex/Summ       4%         N/A       41%         3
 Summon Ice Beast         Ice/Summ       12%        N/A       47%         4
 Summon Lightning Spire   Summ/Air       4%         N/A       83%         4
 Agony                    Necr           4%         N/A       99%         5
 Lee's Rapid Deconstruct  Erth           2%         3d5*      99%         5
 Death Channel            Necr           2%         N/A       100%        6


Dungeon Overview and Level Annotations

Branches:
Dungeon (8/15)             Temple (1/1) D:7           Sewer (visited)
   Lair: D:8-11

Altars:
Ashenzari
Cheibriados
Fedhas
Hepliaklqana
Kikubaaqudgha
Makhleb
Nemelex Xobeh
Okawaru
Qazlal
Ru
Sif Muna
Trog
Uskayaw
Vehumet
Xom
Yredelemnul
Zin
The Shining One

Shops:
D:6 *

Annotations:
D:4 3 runed translucent doors, diceflayer's ghost, novice FoFi
D:6 exclusion: statue
D:7 Erica
D:8 Grum


Innate Abilities, Weirdness & Mutations

You are a three-headed hydra.
You swim very quickly.
You can devour living enemies to heal.
You are amphibious.
Your maximum health is greatly increased.
Your armour is entirely melded.
You are incapable of wielding weapons or throwing items.
((Your serpentine skin is tough. (AC +3)))
You have supernaturally acute eyesight. (SInv)
((Armour fits poorly on your strangely shaped body.))
((Your system is resistant to poisons. (rPois)))
((You cover ground very slowly.))
You can spit poison.
((You have a snake-like lower body.))


Message History

Grum is severely wounded.
You nip at Erica.
Erica hits you with a +1 scimitar of flaming!
Erica burns you. Grum hits you with a +0 spear!
You are too injured to fight recklessly!
You are too injured to fight recklessly!
You are too injured to fight recklessly!
You are too injured to fight recklessly!
You gouge Erica!!
Erica is moderately wounded.
You barely miss Grum. Grum hits you with a +0 spear!
Erica casts a spell at you. The lance of force hits you!!
* * * LOW HITPOINT WARNING * * *
You are knocked back by the lance of force.
Grum barely misses you.
Things that are here:
a +0 robe; a +0 dagger; a +0 falchion Erica barely misses you.
There is a stone staircase leading up, spattered with blood here.
You see here a throwing net.
Grum hits you but does no damage.
Erica hits you with a +1 scimitar of flaming!
* * * LOW HITPOINT WARNING * * *
Erica burns you.
* * * LOW HITPOINT WARNING * * *
You climb upwards.
There is a stone staircase leading down here.
You bite Erica!
Erica is heavily wounded.
You barely miss Erica.
Erica is heavily wounded.
Erica hits you with a +1 scimitar of flaming.
* * * LOW HITPOINT WARNING * * *
Erica burns you.
* * * LOW HITPOINT WARNING * * *
You barely miss Erica.
Erica is heavily wounded.
Erica hits you with a +1 scimitar of flaming!
You die...

#.....####.#######.#...#...
#.............##......##...
#.....#..#.##.##.#.##.#####
#.....#..#.##.##.#.##.#
##.)...#....##.##.#.##.#
#........#####.##.#.##.#####
#..###...#####.............#
#..# #.....[)..##.#..#.###.#
#..###..##@D...##.#.....##..
#.......##[[......#..#......
#...(...##.....####..##.##..
####.#####.<...####.......>#
#.# #####......#.#.#.## #.#
### ######.....#.# #.# ##.##
#.#.###.#
#.####.#.#######.#...).##
#..[..###.....##.#######.


You could see Erica (invisible).

Vanquished Creatures
  Harold (D:7)
  Pikel (D:5)
  Sigmund (D:2)
  A water moccasin (D:5)
  2 black bears
  An orc warrior (D:8)
  A sky beast (D:7)
  3 necrophages
  An ice beast (D:5)
  2 hornet zombies
  3 wolves (D:7)
  2 ogres (D:5)
  A centaur (D:8)
  A lemure (D:5)
  5 kobold brigands (Sewer)
  A scorpion (D:5)
  A water moccasin zombie (D:5)
  A wyvern skeleton (D:7)
  4 wights (D:7)
  A jelly (D:6)
  2 hounds
  Ijyb (D:5)
  Jessica (D:3)
  An iguana (D:5)
  Natasha (thrice) (D:2)
  8 orc wizards
  A hound skeleton (D:4)
  Robin (D:2)
  10 gnolls
  2 howler monkey skeletons (D:7)
  7 adders
  A river rat (Sewer)
  A shadow imp (D:5)
  2 white imps
  An ufetubus (D:5)
  6 worms
  A dart slug (D:1)
  27 orcs
  14 endoplasms
  6 giant cockroaches
  6 goblins
  13 hobgoblins
  5 jackals
  14 kobolds
  6 quokkas
  13 ball pythons
  4 bats
  4 frilled lizards
  26 rats
221 creatures vanquished.

Notes
Turn   | Place    | Note
-------+----------+-------------------------------------------
     0 | D:1      | kae the Naga Transmuter began the quest for the Orb.
     0 | D:1      | Reached XP level 1. HP: 18/18 MP: 3/3
   296 | D:1      | Reached XP level 2. HP: 25/25 MP: 5/5
   320 | D:1      | Found a faded altar of an unknown god.
   827 | D:1      | Reached XP level 3. HP: 13/31 MP: 6/6
  1485 | D:2      | Learned a level 3 spell: Spider Form
  1552 | D:2      | Noticed Natasha
  1558 | D:2      | Killed Natasha
  1559 | D:2      | Reached skill level 1 in Poison Magic
  1559 | D:2      | Reached XP level 4. HP: 38/38 MP: 7/7
  1560 | D:2      | Noticed Natasha
  1567 | D:2      | Killed Natasha
  1832 | D:2      | Noticed a black bear
  1843 | D:2      | Killed a black bear
  1844 | D:2      | Reached XP level 5. HP: 30/45 MP: 5/8
  2106 | D:2      | Learned a level 4 spell: Ice Form
  2629 | D:2      | Noticed Natasha
  2634 | D:2      | Killed Natasha
  2635 | D:2      | Reached XP level 6. HP: 42/52 MP: 5/9
  2905 | D:2      | Reached skill level 1 in Ice Magic
  2925 | D:2      | Noticed Robin
  2947 | D:2      | Killed Robin
  3117 | D:2      | Noticed Sigmund
  3129 | D:2      | Killed Sigmund
  3130 | D:2      | Reached XP level 7. HP: 38/61 MP: 5/11
  3245 | D:2      | You fall into a shaft and drop 2 floors!
  4302 | D:4      | Noticed diceflayer's ghost (novice FoFi)
  4303 | D:4      | Found a runed translucent gate.
  4303 | D:4      | Found a runed translucent gate.
  4303 | D:4      | Found a runed translucent gate.
  4563 | D:3      | Found a burning altar of Makhleb.
  4569 | D:3      | Found a glowing silver altar of Zin.
  4570 | D:3      | Noticed an angel
  4570 | D:3      | Noticed a green death
  4964 | D:3      | Found a stormy altar of Qazlal.
  5187 | D:3      | Noticed Jessica
  5190 | D:3      | Killed Jessica
  5292 | D:3      | Found an iron altar of Okawaru.
  5881 | D:5      | Entered Level 5 of the Dungeon
  5927 | D:5      | Reached skill level 5 in Unarmed Combat
  6009 | D:5      | Reached XP level 8. HP: 59/69 MP: 9/13
  6336 | D:5      | Noticed Ijyb
  6346 | D:5      | Killed Ijyb
  6353 | D:5      | Found a hazy altar of Hepliaklqana.
  6402 | D:5      | Reached skill level 5 in Transmutations
  7168 | D:5      | Noticed Pikel
  7179 | D:5      | Killed Pikel
  7180 | D:5      | Reached XP level 9. HP: 40/78 MP: 12/15
  7455 | D:6      | Found a broken altar of Ashenzari.
  7497 | D:6      | Found a sparkling altar of Nemelex Xobeh.
  7509 | D:6      | Found a glowing drain.
  7545 | Sewer    | Entered a sewer
  8500 | Sewer    | Reached skill level 5 in Ice Magic
  8823 | D:6      | Found a radiant altar of Vehumet.
  8933 | D:6      | Found Qinaaqef's Assorted Antiques.
  8943 | D:6      | Bought an engraved book for 270 gold pieces
  9570 | D:7      | Found a staircase to the Ecumenical Temple.
  9596 | Temple   | Entered the Ecumenical Temple
  9696 | Temple   | Became a worshipper of Cheibriados the Contemplative
  9819 | D:7      | Found a shimmering altar of Xom.
 10476 | D:7      | Reached skill level 1 in Invocations
 10764 | D:8      | Noticed Erica
 10783 | D:8      | Noticed Grum
 11061 | D:7      | Reached XP level 10. HP: 73/87 MP: 13/17
 11180 | D:7      | Reached * piety under Cheibriados
 11317 | D:7      | Learned a level 5 spell: Hydra Form
 11328 | D:8      | Noticed Harold
 11869 | D:7      | Killed Harold
 11870 | D:7      | Reached skill level 5 in Fighting
 11870 | D:7      | Reached skill level 5 in Spellcasting
 12172 | D:7      | Slain by Erica

Illustrated notes

Levels and vault maps discovered:
D:1:      erik_arrival_triangle_small, layout_basic,
          shapermc_ecumenical_altar_venn
D:2:      minmay_chambers_of_twos, layout_loops_ring, minmay_rat_hole,
          uniq_robin, uniq_natasha, uniq_sigmund
D:3:      layout_loops_ring, okawaru_altar_gauntlet_db, lemuel_tele_altar,
          grunt_temple_overflow_order_and_chaos_2, uniq_jessica
D:4:      layout_loops_corners, ebering_ghost_rock_garden
D:5:      layout_loops_cross, lemuel_round_altar, uniq_ijyb, uniq_pikel
D:6:      layout_cave_pools, vehumet_statue, nemelex_spade_bored_becter,
          ashenzari_altar_1, gup_sewer_entry_glass, serial_shops,
          nicolae_shop_statue_plus, wad_floor_pattern_2, hangedman_decor_lopped,
          kennysheep_generic_room_13
D:7:      layout_loops_cross, general_overflow_altar,
          minmay_temple_entry_sparse_star
D:8:      layout_rooms, nicolae_overflow_hidden_temple, marbit_many_paths,
          grunt_ogre_cave, uniq_erica, uniq_harold, uniq_grum
Temple:   compressed_dpeg_triangle_lava_temple

Skill      XL: |  1  2  3  4  5  6  7  8  9 10 |
---------------+-------------------------------+-----
Poison Magic   | 1 2 |  2.0
Dodging        | 2 3 4 |  4.3
Fighting       | 2 3 4 5 |  5.0
Transmutations | 3 4 5 6 7 |  7.5
Unarmed Combat | 4 5 6 7 |  7.8
Ice Magic      | 1 3 4 5 |  5.0
Spellcasting   | 3 4 5 |  5.0
Invocations    | 1 2 |  2.5

Action                   |  1- 3 |  4- 6 |  7- 9 | 10-12 || total
-------------------------+-------+-------+-------+-------++-------
Melee: Unarmed           |    61 |    94 |   364 |    40 ||   559
       Punch             |     1 |       |     2 |       ||     3
 Cast: Spider Form       |       |    13 |    33 |       ||    46
       Ice Form          |       |       |    28 |     1 ||    29
       Hydra Form        |       |       |       |     5 ||     5
 Abil: Spit Poison       |    27 |    14 |    13 |       ||    54
Evoke: Wand              |       |       |     2 |       ||     2
  Use: Scroll            |       |       |    12 |       ||    12
 Stab: Sleeping          |       |     1 |       |       ||     1
Armor: Robe              |    12 |     7 |    29 |       ||    48
       Skin              |       |     8 |    30 |    20 ||    58
Dodge: Dodged            |    34 |    88 |   212 |    32 ||   366

Table legend: (Time is in decaauts)
 A = Elapsed time spent in this place.
 B = Non-inter-level travel time spent in this place.
 C = Inter-level travel time spent in this place.
 D = Time resting spent in this place.
 E = Time spent auto-exploring this place.
 F = Levels seen in this place.
 G = Mean time per level.
                   A        B        C        D        E       F      G
               +--------+--------+--------+--------+--------+-----+--------+
         Total |  14428 |  14003 |    425 |   1362 |  11064 |  10 | 1442.8 |
       Dungeon |  13000 |  12630 |    370 |   1362 |   9905 |   8 | 1625.0 |
        Temple |    161 |    107 |     54 |      0 |    104 |   1 |  161.0 |
         Sewer |   1265 |   1265 |      0 |      0 |   1054 |   1 | 1265.0 |
               +--------+--------+--------+--------+--------+-----+--------+

Top non-repeatable levels by time:
     D:7: 3021 daAuts
     D:2: 2344 daAuts
     D:1: 1753 daAuts
     D:5: 1740 daAuts
     D:4: 1572 daAuts
     D:3: 1404 daAuts
   Sewer: 1265 daAuts
     D:6: 1096 daAuts
  Temple: 161 daAuts
     D:8: 68 daAuts
